 Dungeon Crawl Stone Soup version 0.22-a0-305-gd21a89c (webtiles) character file.

3350 SpeedyPerson7 the Cleaver (level 9, 56/85 HPs)
             Began as a Deep Dwarf Fighter on Mar 31, 2018.
             Quit the game on level 7 of the Dungeon.
             The game lasted 00:04:25 (4172 turns).

SpeedyPerson7 the Cleaver (Deep Dwarf Fighter)      Turns: 4172, Time: 00:04:26

Health: 56/85      AC: 12    Str: 24    XL:     9   Next: 72%
Magic:  1/1        EV:  6    Int:  8    God:
Gold:   197        SH:  9    Dex: 12    Spells: 8/8 levels left

rFire    . . .     SeeInvis .   a - +0 war axe
rCold    + + .     Gourm    +   c - +0 shield
rNeg     . . .     Faith    .   E - +0 chain mail
rPois    +         Spirit   .   w - +0 helmet
rElec    .         Reflect  .   (no cloak)
rCorr    .         Harm     .   (no gloves)
MR       +....                  (no boots)
Stlth    ..........             n - amulet of the gourmand
HPRegen  0.00/turn              y - ring "Qoafoph" {rPois rC++}
MPRegen  0.07/turn              (no ring)

@: non-regenerating
A: damage resistance, heal wounds, sense surroundings 2, no regeneration
a: Heal Wounds


You were on level 7 of the Dungeon.
You were very full.

You visited 2 branches of the dungeon, and saw 8 of its levels.

You collected 197 gold pieces.

Inventory:

Hand Weapons
 a - a +0 war axe (weapon)
Missiles
 k - 3 throwing nets (quivered) {!f}
Armour
 b - a +0 scale mail
 c - a +0 shield (worn)
 w - a +0 helmet (worn)
 E - a +0 chain mail (worn)
 F - a +1 hat
Jewellery
 f - an uncursed ring of stealth {unknown}
 l - an uncursed amulet of magic regeneration
 n - an amulet of the gourmand (around neck)
 y - the ring "Qoafoph" (left hand) {rPois rC++}
   (You found it on level 7 of the Dungeon)

   [ring of poison resistance]

   It greatly protects you from cold.
   It protects you from poison.
Wands
 t - a wand of flame (15)
 u - a wand of clouds (6)
 B - a wand of digging (5)
Scrolls
 i - 8 scrolls of teleportation {unknown}
 j - 7 scrolls of identify {unknown}
 m - 2 scrolls of enchant weapon {unknown}
 q - a scroll of blinking {unknown}
 r - 2 scrolls of remove curse {unknown}
 s - a scroll of amnesia {unknown}
 C - a scroll of immolation {unknown}
Potions
 d - 2 potions of might
 g - 2 potions of brilliance
 h - a potion of heal wounds
 o - a potion of flight {unknown}
 p - a potion of curing {unknown}
 v - a potion of ambrosia {unknown}
 x - a potion of invisibility {unknown}
 z - a potion of resistance {unknown}
 A - a potion of experience {unknown}
Comestibles
 e - 14 rations


   Skills:
 + Level 6.9 Fighting
 * Level 10.8 Axes
 + Level 8.2 Armour
 - Level 3.2 Shields


You had 8 spell levels left.
You didn't know any spells.

Dungeon Overview and Level Annotations

Branches:
Dungeon (7/15)             Temple (1/1) D:4

Altars:
Ashenzari
Cheibriados
Dithmenos
Fedhas
Hepliaklqana
Kikubaaqudgha
Nemelex Xobeh
Qazlal
Ru
Sif Muna
Trog
Vehumet
Wu Jian
Yredelemnul
Zin
The Shining One


Innate Abilities, Weirdness & Mutations

You are resistant to damage.
You can heal yourself by infusing magical energy.
You passively map the area around you.
You do not regenerate.


Message History

You are too injured to fight recklessly!
You are too injured to fight recklessly!
You are too injured to fight recklessly!
You are too injured to fight recklessly!
You miss the leopard gecko. You block the leopard gecko's attack.
You closely miss the leopard gecko. You block the leopard gecko's attack.
You slash the leopard gecko!
You kill the leopard gecko!
You see here a leopard gecko corpse.
You feel much better.
Found 19 stones.
You see here 19 stones.
e - 14 rations (gained 1) Key pressed, stopping explore.
Done exploring.
Done exploring.
Done exploring.
Done exploring.
Done exploring.
Are you sure you want to abandon this character and quit the game? (Confirm with "yes".)

##.#...# #.#####
#......# #.# #
#..#...# #.# ##
#..##### #.# ##.
#..## ####.###.#
#...# #....##.##
#.#.# #.########
#.#.# #.# # #@#.#
#.# # #<#.# #.#
#### #.#.#
#.#####... #.#<#
#.........
#.#.###########...
#.#......# ####
#.######.#########
#.# ##..........
#.#####(..########


There were no monsters in sight!

Vanquished Creatures
  The ghost of Amnesiac the Slicer, a novice KoFi (D:5)
  A human (D:7)
  4 hogs (D:7)
  Edmund (D:6)
  2 phantoms
  An orc warrior (D:7)
  A sky beast (D:7)
  3 ogres
  2 big kobolds (D:7)
  3 bullfrogs (D:7)
  2 scorpions
  4 killer bees (D:7)
  3 wights (D:6)
  A howler monkey (D:5)
  A crimson imp (D:5)
  2 bullfrog skeletons (D:7)
  2 jellies
  3 hounds
  2 orc priests
  An iguana (D:6)
  7 worker ants
  8 orc wizards
  A hound zombie (D:6)
  A hound skeleton (D:4)
  4 gnolls (D:4)
  5 adders
  A shadow imp (D:7)
  An ooze (D:4)
  An adder zombie (D:5)
  2 dart slugs (D:1)
  4 leopard geckos
  19 orcs
  2 giant cockroaches
  4 goblins
  5 hobgoblins
  7 jackals
  14 kobolds
  2 quokkas
  4 bats
  7 frilled lizards
  A jackal skeleton (D:4)
  A jackal zombie (D:7)
  A quokka skeleton (D:4)
  A quokka zombie (D:7)
  2 rats (D:1)
145 creatures vanquished.

Notes
Turn   | Place    | Note
-------+----------+-------------------------------------------
     0 | D:1      | SpeedyPerson7 the Deep Dwarf Fighter began the quest for the Orb.
     0 | D:1      | Reached XP level 1. HP: 20/20 MP: 1/1
   107 | D:1      | Reached XP level 2. HP: 24/27 MP: 2/2
   201 | D:1      | Reached skill level 3 in Axes
   323 | D:2      | Reached XP level 3. HP: 25/34 MP: 3/3
   373 | D:3      | Reached XP level 4. HP: 29/42 MP: 4/4
   399 | D:3      | Reached skill level 4 in Axes
   546 | D:3      | Reached XP level 5. HP: 49/49 MP: 5/5
   679 | D:4      | Reached skill level 5 in Axes
   681 | D:5      | Entered Level 5 of the Dungeon
   694 | D:4      | Found a staircase to the Ecumenical Temple.
   713 | D:4      | Found a glowing golden altar of the Shining One.
   802 | Temple   | Entered the Ecumenical Temple
   958 | D:4      | Reached XP level 6. HP: 44/57 MP: 6/6
  1247 | D:4      | Reached skill level 5 in Armour
  1306 | D:4      | Reached skill level 6 in Axes
  1483 | D:4      | Reached XP level 7. HP: 55/64 MP: 7/7
  2037 | D:5      | Noticed Amnesiac's ghost (novice KoFi)
  2056 | D:5      | Killed Amnesiac's ghost
  2056 | D:5      | Reached skill level 5 in Fighting
  2056 | D:5      | Reached skill level 7 in Axes
  2056 | D:5      | Reached XP level 8. HP: 48/74 MP: 7/7
  2449 | D:6      | Noticed Edmund
  2464 | D:6      | Killed Edmund
  2533 | D:6      | Found a snail-covered altar of Cheibriados.
  2570 | D:6      | Reached skill level 8 in Axes
  2876 | D:6      | Found a blossoming altar of Fedhas.
  3099 | D:6      | Found a radiant altar of Vehumet.
  3107 | D:6      | Found an ornate altar of the Wu Jian Council.
  3107 | D:6      | Found a hazy altar of Hepliaklqana.
  3274 | D:7      | Reached skill level 9 in Axes
  3305 | D:7      | Got a crude turquoise ring
  3306 | D:7      | Identified the ring "Qoafoph" {rPois rC++} (You found it on level 7 of the Dungeon)
  3383 | D:7      | Found a shadowy altar of Dithmenos.
  3432 | D:7      | Gained mutation: You passively map the area around you. [Deep Dwarf growth]
  3432 | D:7      | Reached XP level 9. HP: 49/82 MP: 1/1
  3671 | D:7      | Reached skill level 10 in Axes
  3759 | D:7      | Found a deep blue altar of Sif Muna.
  4172 | D:7      | Quit the game

Vault maps used:
D:1:      nagdon_arrival_double_spiral
D:2:      xom_redecorated
D:3:      uniq_terence, uniq_grinder
D:4:      tso_metal_star, minmay_temple_entry_glassed_door, first_ration
D:5:      minmay_diamond_boxcup, portal_sewer_entry_d, serial_bayou_pond_a
D:6:      kennysheep_mini, nicolae_overflow_crystal_walls,
          gammafunk_temple_overflow_elements, fedhas_altar_2, uniq_edmund
D:7:      grunt_dithmenos_smoke, led_sif_pool, grunt_livestock
Temple:   nicolae_temple_figure_zero

Skill      XL: |  1  2  3  4  5  6  7  8  9 |
---------------+----------------------------+-----
Axes           | 3 4 5 6 7 9 10 | 10.8
Fighting       | 3 4 5 6 |  6.9
Armour         | 4 5 6 7 8 |  8.2
Shields        | |  3.2

Action                   |  1- 3 |  4- 6 |  7- 9 || total
-------------------------+-------+-------+-------++-------
Melee: War axe           |    66 |   157 |   356 ||   579
 Abil: Heal Wounds       |       |     5 |    26 ||    31
  Use: Potion            |       |       |     3 ||     3
  Eat: Chunk             |       |     2 |    20 ||    22
Armor: Scale mail        |    39 |    76 |   140 ||   255
       Chain mail        |       |       |     4 ||     4
Dodge: Dodged            |    23 |    44 |   127 ||   194
Block: Shield            |    43 |    92 |   186 ||   321

Table legend:
 A = Spawn XP
 B = Non-spawn XP
 C = Spawn XP percentage of total XP
 D = Spawn monster count
 E = Non-spawn monster count
 F = Spawn count percentage of total count
 G = Total turns spent on level
                    A         B        C        D         E        F      G
               +---------+---------+-------+---------+---------+-------+---------
         Total |       0 |    4787 |   0.0 |       0 |     145 |   0.0 |  4172
               +---------+---------+-------+---------+---------+-------+---------
           D:1 |       0 |      32 |   0.0 |       0 |      17 |   0.0 |   295
           D:2 |       0 |      19 |   0.0 |       0 |       4 |   0.0 |    41
           D:3 |       0 |     195 |   0.0 |       0 |      21 |   0.0 |   256
           D:4 |       0 |     626 |   0.0 |       0 |      28 |   0.0 |   977
           D:5 |       0 |     645 |   0.0 |       0 |      13 |   0.0 |   762
           D:6 |       0 |     722 |   0.0 |       0 |      14 |   0.0 |   792
           D:7 |       0 |    2548 |   0.0 |       0 |      48 |   0.0 |   931
               +---------+---------+-------+---------+---------+-------+---------
